 Dungeon Crawl Stone Soup version 0.23-a0-338-g8ff0b24 (webtiles) character file.

84 rabbit the Cudgeler (level 4, 4/29 HPs)
             Began as a Gargoyle Fighter on Oct 18, 2018.
             Quit the game on level 2 of the Dungeon.
             The game lasted 00:03:51 (1781 turns).

rabbit the Cudgeler (Gargoyle Fighter)              Turns: 1781, Time: 00:03:52

Health: 4/29       AC: 12    Str: 21    XL:     4   Next: 45%
Magic:  4/4        EV:  5    Int:  8    God:
Gold:   137        SH:  9    Dex:  9    Spells: 3/3 levels left

rFire    . . .     SeeInvis .   a - +0 flail
rCold    . . .     Gourm    .   c - +0 shield
rNeg     + . .     Faith    .   k - +0 chain mail
rPois    ∞         Spirit   .   (no helmet)
rElec    +         Reflect  .   (no cloak)
rCorr    .         Harm     .   (no gloves)
MR       .....                  (no boots)
Stlth    ..........             (no amulet)
HPRegen  0.09/turn              (no ring)
MPRegen  0.09/turn              (no ring)

@: no status effects
A: negative energy resistance 1, electricity resistance, unbreathing,
petrification resistance, rot immunity, AC +3
a: no special abilities


You were on level 2 of the Dungeon.
You were very hungry.

You visited 1 branch of the dungeon, and saw 2 of its levels.

You collected 137 gold pieces.

Inventory:

Hand Weapons
 a - a +0 flail (weapon)
Armour
 b - a +0 scale mail
 c - a +0 shield (worn)
 h - a +0 large shield
 k - a +0 chain mail (worn)
Scrolls
 e - 3 scrolls of teleportation {unknown}
 g - a scroll of identify {unknown}
Potions
 d - a potion of might
 i - 3 potions of curing {unknown}
 j - a potion of ambrosia {unknown}
Comestibles
 f - 2 rations


   Skills:
 - Level 3.7 Fighting
 * Level 4.3 Maces & Flails
 - Level 3.2 Armour
 - Level 3.2 Shields


You had 3 spell levels left.
You didn't know any spells.
Your spell library was empty.

Dungeon Overview and Level Annotations

Branches:
Dungeon (2/15)

Altars:

Annotations:
D:2 Robin


Innate Abilities, Weirdness & Mutations

You are resistant to torment.
Your stone body is resilient. (AC +3)
You are immune to poison.
You resist negative energy. (rN+)
You are resistant to electric shocks. (rElec)
You can survive without breathing.
You are immune to petrification.
You are immune to rotting.


Message History

You sock the goblin!
You kill the goblin!
You block the goblin's attack.
Robin roars a battlecry!
The goblins go into a battle-frenzy!
The goblin hits you.
* * * LOW HITPOINT WARNING * * *
The goblin hits you but does no damage. You block the goblin's attack.
Robin throws the goblin at you! You block the goblin's attack. x2
The goblin hits you with a +0 club.
* * * LOW HITPOINT WARNING * * *
Things that are here:
a +0 dagger; a goblin corpse You block the goblin's attack. x2
The goblin no longer looks unusually strong. x2
Level annotation: Robin Welcome back, rabbit the Gargoyle Fighter.
Press ? for a list of commands and other information.
Unknown command.
Are you sure you want to abandon this character and quit the game? (Confirm

#..................#.##....###...
#....#.#########.###.#.....'.....
#....#.#...........#.#.....####..
#....#.#.#..............#[.......
.....#.#.#.#####...##########.#..
.....#.#...........# #.#..
.....#.###.#######.#≈..#..≈##.#.#
#....#..)..##....#.#≈.≈.≈g≈##.#..
#....#...###....@#.#≈#.≈r#≈##'###
#....#...# #...gg###≈.≈g≈.≈#.....
#....#...###....g# .g#..≈#.....
##...'...'''....g# ≈.≈≈ #.....
.....#..........g######)####.....
###..#.......##gr.)gr.)...#......
#..#.......##..g........#......
###..#.......##...........#......
.....#.......##...........#......


You could see Robin, a hobgoblin, 5 goblins and a rat.

Vanquished Creatures
  Natasha (D:2)
  An adder (D:2)
  An ooze (D:2)
  3 leopard geckos (D:1)
  2 bats (D:1)
  A giant cockroach (D:1)
  12 goblins
  6 hobgoblins
  2 jackals (D:2)
  6 kobolds
  2 frilled lizards
  3 rats (D:1)
  A toadstool (D:1)
41 creatures vanquished.

Vanquished Creatures (others)
  3 toadstools (D:1)
3 creatures vanquished.

Grand Total: 44 creatures vanquished

Notes
Turn   | Place    | Note
-------+----------+-------------------------------------------
     0 | D:1      | rabbit the Gargoyle Fighter began the quest for the Orb.
     0 | D:1      | Reached XP level 1. HP: 14/14 MP: 1/1
   157 | D:1      | Reached XP level 2. HP: 19/19 MP: 2/2
   510 | D:1      | Reached skill level 3 in Maces & Flails
   510 | D:1      | Reached XP level 3. HP: 23/24 MP: 3/3
  1147 | D:2      | Noticed Natasha
  1155 | D:2      | Killed Natasha
  1155 | D:2      | Reached XP level 4. HP: 22/29 MP: 4/4
  1379 | D:2      | Reached skill level 4 in Maces & Flails
  1752 | D:2      | Noticed Robin
  1781 | D:2      | Quit the game

Vault maps used:
D:1:      ldierk_water_garden
D:2:      kennysheep_generic_room_10, uniq_natasha, uniq_robin

Skill      XL: |  1  2  3  4 |
---------------+-------------+-----
Maces & Flails | 3 4 |  4.3
Fighting       | |  3.7
Armour         | |  3.2
Shields        | |  3.2

Action                   |  1- 3 |  4- 6 || total
-------------------------+-------+-------++-------
Melee: Flail             |   107 |    47 ||   154
       Unarmed           |     4 |       ||     4
  Eat: Chunk             |       |     2 ||     2
Armor: Scale mail        |    63 |    12 ||    75
       Chain mail        |       |    30 ||    30
Dodge: Dodged            |    29 |    22 ||    51
Block: Shield            |    51 |    38 ||    89

Table legend:
 A = Non-vault XP
 B = Vault XP
 C = Vault XP percentage of total XP
 D = Non-vault monster count
 E = Vault monster count
 F = Vault count percentage of total count
                 A         B        C        D         E       F
            +---------+---------+-------+---------+---------+-------
      Total |      75 |      45 |  37.5 |      33 |       7 |  17.5
            +---------+---------+-------+---------+---------+-------
        D:1 |      39 |       0 |   0.0 |      21 |       0 |   0.0
        D:2 |      36 |      45 |  55.6 |      12 |       7 |  36.8
            +---------+---------+-------+---------+---------+-------
